 Dungeon Crawl Stone Soup version 0.29-a0-1052-g6990b1bffc (webtiles) character file.

Game seed: 3094081673260124091

6 spaghetti the Conjurer (level 1, -1/9 HPs)
             Began as a Vine Stalker Conjurer on Aug 17, 2022.
             Frozen to death by an endoplasm (2 damage)
             ... on level 1 of the Dungeon.
             The game lasted 00:00:29 (183 turns).

spaghetti the Conjurer (Vine Stalker Conjurer)       Turns: 183, Time: 00:00:30

Health: -1/9       AC:  2    Str:  9    XL:     1   Next: 90%
Magic:  0/4        EV: 12    Int: 18    God:
Gold:   13         SH:  0    Dex: 12    Spells: 3/4 levels left

rFire   . . .      SeeInvis .   (no weapon)
rCold   . . .      Faith    .   (no shield)
rNeg    . . .      Spirit   +   a - +0 robe
rPois   .          Reflect  .   (no helmet)
rElec   .          Harm     .   (no cloak)
rCorr   .          Rampage  .   (no gloves)
Will    .....                   (no boots)
Stlth   ++........              (no amulet)
HPRegen 0.03/turn               (no ring)
MPRegen 0.09/turn               (no ring)

@: mighty
A: fangs 2, magic shield, antimagic bite, no potion heal 2
a: no special abilities


You were on level 1 of the Dungeon.
You visited 1 branch of the dungeon, and saw 1 of its levels.

You collected 13 gold pieces.


Innate Abilities, Weirdness & Mutations

You have extremely sharp teeth.
When hurt, damage is shared between your health and your magic reserves.
Your bite disrupts and absorbs the magic of your enemies.
Potions cannot restore your health.


   Skills:
 - Level 1.5 Dodging
 - Level 2.4 Stealth
 + Level 2.4 Spellcasting
 + Level 4.1 Conjurations


You had 3 spell levels left.
You knew the following spells:

 Your Spells              Type           Power      Damage    Failure   Level
a - Magic Dart            Conj           68%        1d6       3%          1

Your spell library contained the following spells:

 Spells                   Type           Power      Damage    Failure   Level
 Searing Ray              Conj           34%        2d5       4%          2
 Dazzling Flash           Conj/Hex       18%        N/A       22%         3
 Fulminant Prism          Conj/Hex       4%         3d6       58%         4
 Iskenderun's Mystic Bla  Conj/Tloc      9%         2d4       58%         4

Inventory:

Hand Weapons
 c - a +0 club {mace}
   (You took it off a goblin on level 1 of the Dungeon)
Armour
 a - a +0 robe (worn)

Dungeon Overview and Level Annotations

Branches:
Dungeon (1/15) Zot: 5814

Altars:

#. ## #.. ... #...
...# .r# #.. ..g
... #.#J###)#.#
#..gJ.....# .# #@#
###..# # #.##....#
#. #....#
#..##..#######
#.....###....#
#...#.# #....# #
#.###.###....###.#
# #..##........#
###.##........


You could see 2 endoplasms, a quokka and 2 goblins.


Message History

c - a +0 club {mace} You see here a goblin corpse. 😎 MP[+1]
Your mp is fully restored (4).
Key pressed, stopping explore.
d - a blue potion A hobgoblin and a kobold come into view.
There are monsters nearby!
The magic dart hits the kobold.
You kill the kobold!
The hobgoblin shouts!
You hear an angry hiss.
A frilled lizard comes into view. 😎 MP[-1]
You lost 1 mp, and now have 3/4 mp.
The magic dart hits the hobgoblin. 😎 MP[-1]
You lost 1 mp, and now have 2/4 mp.
The magic dart hits the hobgoblin.
You kill the hobgoblin!
An endoplasm comes into view. 😎 MP[-1]
You lost 1 mp, and now have 1/4 mp.
The magic dart hits the frilled lizard.
You kill the frilled lizard!
A goblin comes into view. It is wielding a +0 club. 😎 MP[-1]
You lost 1 mp, and now have 0/4 mp.
No target in range!
No target in range!
No target in range!
No target in range!
No target in range!
No target in range!
No target in range!
No target in range!
No target in range!
No target in range!
No target in range!
No target in range!
No target in range!
No target in range!
No target in range!
No target in range!
No target in range!
No target in range!
No target in range!
No target in range!
The endoplasm closely misses you.
Really attack while wielding nothing?
The goblin shouts!
You hit the endoplasm but do no damage.
You bite the endoplasm, but do no damage.
You hear a shout!
The endoplasm barely misses you.
An endoplasm comes into view.
You hit the endoplasm.
You bite the endoplasm, but do no damage.
The endoplasm barely misses you.
You hit the endoplasm.
A goblin comes into view. It is wielding a +0 club.
The endoplasm hits you. 😕 HP[-1]
You take 1 damage, and now have 8/9 hp.
The goblin shouts!
You hit the endoplasm but do no damage.
You bite the endoplasm, but do no damage.
The endoplasm freezes you.
You are frozen.
Ouch! That really hurt!
* * * LOW HITPOINT WARNING * * *
😨 HP[-5]
You take 5 damage, and now have 3/9 hp.
MASSIVE DAMAGE!! (PAUSE)
You barely miss the endoplasm.
A quokka comes into view.
The endoplasm freezes you.
You are frozen.
* * * LOW HITPOINT WARNING * * *
😱 HP[-2]
You take 2 damage, and now have 1/9 hp.
MASSIVE DAMAGE!! (PAUSE) Unknown command.
Unknown command.
Magic courses through your body. The endoplasm hits you. 😱 MP[+1]
Casting: Magic Dart (safe; 3% risk of failure)
Confirm with . or Enter, or press ? or * to list all spells.
Aiming: Magic Dart (safe; 3% risk of failure)
Press: ? - help, Shift-Dir - straight line, f - endoplasm
Aim: an endoplasm (moderately wounded, 100% to hit)
The magic dart hits the endoplasm.
The endoplasm freezes you.
You are frozen. 😱 MP[-1]
You lost 1 mp, and now have 0/4 mp.
It was a potion of might.
You feel very mighty all of a sudden. The endoplasm freezes you.
You are frozen.
You die...

Action                   || total
-------------------------++-------
Melee: Unarmed           ||     5
       Bite              ||     3
 Cast: Magic Dart        ||    10
  Use: Potion            ||     2
Dodge: Dodged            ||     3

Levels and vault maps discovered:
D:1:      psy_arrival_conway, layout_rooms, minivault_23, minmay_surrounded

Notes
Turn   | Place    | Note
-------+----------+-------------------------------------------
     0 | D:1      | spaghetti the Vine Stalker Conjurer began the quest for the
                  | Orb.
     0 | D:1      | Reached XP level 1. HP: 9/9 MP: 4/4
     0 | D:1      | magus.rc [v1.9.6]
   180 | D:1      | HP: 1/9 [frozen (2)]
   183 | D:1      | Frozen to death by an endoplasm

Vanquished Creatures
  An endoplasm (D:1)
  A goblin (D:1)
  A hobgoblin (D:1)
  A ball python (D:1)
  A frilled lizard (D:1)
  A kobold (D:1)
6 creatures vanquished.

Table legend:
 A = Non-vault XP
 B = Vault XP
 C = Vault XP percentage of total XP
 D = Non-vault monster count
 E = Vault monster count
 F = Vault count percentage of total count
                 A         B        C        D         E       F
            +---------+---------+-------+---------+---------+-------
      Total |       6 |       3 |  33.3 |       4 |       2 |  33.3
            +---------+---------+-------+---------+---------+-------
        D:1 |       6 |       3 |  33.3 |       4 |       2 |  33.3
            +---------+---------+-------+---------+---------+-------

Illustrated notes

Table legend:
 A = Kills in this place as a percentage of kills in entire the game.
 B = Kills by you in this place as a percentage of kills by you in the entire game.
 C = Kills by friends in this place as a percentage of kills by friends in the entire game.
 D = Other kills in this place as a percentage of other kills in the entire game.
 E = Experience gained in this place as a percentage of experience gained in the entire game.
 F = Experience gained in this place divided by the number of levels of this place that you have seen.
                   A       B       C       D       E      F
               +-------+-------+-------+-------+-------+----------------------
         Total | 100.0 | 100.0 |   N/A |   N/A | 100.0 |   9.0
       Dungeon | 100.0 | 100.0 |   N/A |   N/A | 100.0 |   9.0
               +-------+-------+-------+-------+-------+----------------------

Table legend: (Time is in decaauts)
 A = Elapsed time spent in this place.
 B = Non-inter-level travel time spent in this place.
 C = Inter-level travel time spent in this place.
 D = Time resting spent in this place.
 E = Time spent auto-exploring this place.
 F = Levels seen in this place.
 G = Mean time per level.
                   A        B        C        D        E       F      G
               +--------+--------+--------+--------+--------+-----+--------+
         Total |    184 |    184 |      0 |      0 |    159 |   1 |  184.0 |
       Dungeon |    184 |    184 |      0 |      0 |    159 |   1 |  184.0 |
               +--------+--------+--------+--------+--------+-----+--------+

Top non-repeatable levels by time:
     D:1: 184 daAuts
